Unix NetHack Version 5.0.0-0 post-release - last build Jul 14 2026 02:55:29 (1809b74e8187c3a3585e283601c3028b46cbbdcb,branch:main).

Game began 2026-07-11 01:32:32, ended 2026-07-15 22:14:50.

ExaDeuce, neutral male gnomish Wizard

                          --------------------------
                          |.%......%.......^.[%...>|
                          |.----------------.......|
                          |.|         ------.-------
                          |.|         |...........|
                          |.|         |.`.......`.|
                          |.|         |----.--------
                          |.|         |............|
                          |.|         |............|
                          |.|------   --------.-----
                          |.|$$.h.|--  |2.........|
                          |.|`/...@"|  |.2........|
                          |.|u...%|-|  --.........|
                          |%%..(d.-.|   ----.-------
                          --|.)$%.|-|     |........|
                            |$..%%+.|     |........|
                            |.$..$|--     ------...|
                            -------            -----
ExaDeuce the Magician     St:14 Dx:15 Co:17 In:19 Wi:15 Ch:11  Neutral
Dlvl:6  $:2673 HP:29(74) Pw:113(113) AC:-22 Xp:10 T:18675  Satiated

Latest messages:
 The magic-absorbing blade stuns the small mimic!
 You kill the small mimic!
 $ - 363 gold pieces (2594 in total).
 You see here a small mimic corpse.
 You kill the brown mold!
 $ - 42 gold pieces (2636 in total).  You see here a brown mold corpse.
 The magic-absorbing blade stuns the warhorse!
 The warhorse is confused.  The warhorse hits the dwarf.
 The dwarf is killed!  The large dog picks up a mirror.
 Your large dog eats a leprechaun corpse.
 You kill the warhorse!
 $ - 37 gold pieces (2673 in total).
 The large dog drops a mirror.  Your large dog eats a warhorse corpse.
 The scroll turns to dust as you pick it up.
 Call a scroll labeled GHOTI: scare monster
 Your knapsack cannot accommodate any more items.
 Some text has been burned into the floor here.  You read: "Elbereth".
 You see here a square amulet.
 Really save? [yn] (n) y
 Saving...
 Restoring save file...
 Hello ExaDeuce, the gnomish Wizard, welcome back to NetHack!
 Be careful!  New moon tonight.
 Some text has been burned into the floor here.
 You read: "Elbereth".
 Really save? [yn] (n) n
 Really quit without saving? [yes|no] yes
 Do you want your possessions identified? [ynq] (y) y
 Do you want to see your attributes? [ynq] (y) y
 Do you want an account of creatures vanquished? [ynaq] (y) y
 Do you want to see your conduct and achievements? [ynq] (y) y
 Do you want to see the dungeon overview? [ynq] (y) y

Inventory:
 Coins    ('$')
  $ - 2673 gold pieces
 Amulets  ('"')
  f - a cursed amulet of strangulation
 Weapons  (')')
  h - a blessed +1 dagger named + 1
  p - a +1 dagger named +1 ? (alternate weapon; not wielded)
  x - 3 +1 daggers named +1 ? (at the ready)
  X - the rustproof +0 Magicbane (weapon in right hand)
  l - a +0 worm tooth
 Armor    ('[')
  V - a blessed +1 helmet (being worn)
  v - a blessed +0 pair of leather gloves (being worn)
  H - a blessed +1 pair of iron shoes (being worn)
  b - an uncursed +0 cloak of magic resistance (being worn)
  S - a blessed +2 dwarvish cloak
  q - an uncursed +0 robe
  n - a blessed +3 silver dragon scale mail (being worn)
 Comestibles  ('%')
  Q - an uncursed slime mold
  I - an uncursed food ration
  u - 2 uncursed lembas wafers
  Z - an uncursed lizard corpse
 Scrolls  ('?')
  D - 2 uncursed scrolls of create monster
  B - 3 uncursed scrolls of earth
  r - a cursed scroll of enchant armor
  E - 2 uncursed scrolls of enchant weapon
  L - a cursed scroll of enchant weapon
  N - an uncursed scroll of light
  U - an uncursed scroll of scare monster
  m - an uncursed scroll of teleportation
 Spellbooks  ('+')
  t - an uncursed spellbook of slow monster
 Potions  ('!')
  a - an uncursed potion of booze
  y - an uncursed potion of invisibility
  O - an uncursed potion of object detection
  J - an uncursed potion of water
  K - a potion of unholy water
 Rings    ('=')
  j - an uncursed +2 ring of gain constitution
  F - an uncursed +2 ring of gain strength
  T - an uncursed -3 ring of gain strength
  o - a blessed +4 ring of increase accuracy
  d - an uncursed +4 ring of protection (on right hand)
  G - an uncursed ring of shock resistance (on left hand)
  Y - an uncursed ring of stealth
 Wands    ('/')
  s - a wand of digging (0:7)
  W - a wand of fire (0:0)
  C - a wand of opening (0:5)
  R - a wand of polymorph (0:7)
  P - a wand of speed monster (0:4)
  e - a wand of stasis (0:3)
  A - a wand of teleportation (0:5)
 Tools    ('(')
  w - an uncursed blindfold
  z - a blessed oil lamp named !c
  g - the blessed Orb of Fate (0:6)
  k - an uncursed skeleton key
  c - an uncursed stethoscope
  i - a +0 unicorn horn
 Gems/Stones  ('*')
  M - an uncursed worthless piece of orange glass

ExaDeuce the Wizard's attributes:

Background:
 You were a Magician, a level 10 male gnomish Wizard.
 You were neutral, on a mission for Thoth
 who was opposed by Ptah (lawful) and Anhur (chaotic).
 You were right-handed.
 You were in Sokoban, on level 6.
 You entered the dungeon 18675 turns ago.
 It was nighttime.
 There was a new moon in effect when your adventure ended.
 You had 7707 experience points, 2293 more were needed to attain level 11.

Basics:
 You had 29 out of 74 hit points.
 You had all 113 energy points (spell power).
 Your armor class was -22.
 Your wallet contained 2673 zorkmids.
 Autopickup was on for '$!/="?' plus thrown, with exceptions.

Final Characteristics:
 Your strength was 14 (peak:17, limit:18/50).
 Your dexterity was 15 (limit:18).
 Your constitution was 17 (limit:18).
 Your intelligence was 19 (limit:19).
 Your wisdom was 15 (limit:18).
 Your charisma was 11 (limit:18).

Final Status:
 You were satiated.
 You were unencumbered.
 You were wielding a dagger.
 You had expert skill with dagger.

Final Attributes:
 You were piously aligned.
 You were magic-protected.
 You were fire resistant.
 You were cold resistant.
 You were shock resistant.
 Your items were protected from electric shocks.
 You were poison resistant.
 You were telepathic.
 You were warned.
 You had infravision.
 You had a large defense bonus (+13).
 You were guarded.
 You took half physical damage.
 You took half spell damage.
 You were fast.
 You had reflection.
 You were lucky.
 You had extra luck.
 Good luck did not time out for you.
 You survived.

Miscellaneous:
 You didn't encounter any bones levels.
 Total elapsed playing time was 6 hours, 48 minutes and 25 seconds.

Major events:
 Turn
    1: ExaDeuce the neutral male gnomish Wizard entered the dungeon
  526: entered the Gnomish Mines
 3212: reached Mine Town
 3947: made his first wish - "blessed +3 silver dragon scale mail", got "a silver dragon scale mail"
 6813: attained the rank of Conjurer (level 3)
11273: made his first artifact wish - "the blessed orb of fate", got "a glass orb named the Orb of Fate"
12347: attained the rank of Thaumaturge (level 6)
12542: was bestowed with Magicbane by Thoth
15042: entered Sokoban
16334: completed 1st Sokoban level
16858: completed 2nd Sokoban level
16913: attained the rank of Magician (level 10)
17523: completed 3rd Sokoban level
18427: completed 4th Sokoban level
18675: quit

Spells:
 Name                 Level Category     Fail Retention
 force bolt             1   attack         3%    1%-10%
 wizard lock            2   matter        17%    1%-25%
 detect monsters        1   divination     3%    1%-10%
 confuse monster        1   enchantment    3%   11%-20%
 jumping                1   escape         3%   26%-50%

Skills:
 Fighting Skills
   bare handed combat [Unskilled]
   riding             [Unskilled]
 Weapon Skills
   dagger             [Expert]
   knife              [Unskilled]
   axe                [Unskilled]
   short sword        [Unskilled]
   club               [Unskilled]
   mace               [Unskilled]
   quarterstaff       [Basic]
   polearms           [Unskilled]
   spear              [Unskilled]
   trident            [Unskilled]
   sling              [Unskilled]
   dart               [Unskilled]
   shuriken           [Unskilled]
 Spellcasting Skills
   attack spells      [Basic]
   healing spells     [Unskilled]
   divination spells  [Basic]
   enchantment spells [Basic]
   clerical spells    [Unskilled]
   escape spells      [Unskilled]
   matter spells      [Unskilled]

Voluntary challenges:
 Character rerolling was not enabled.
 You never genocided any monsters.
 You never polymorphed an object.
 You used 2 wishes (1 for an artifact).
 You did not violate any of the special Sokoban rules.
Achievements:
 You entered the Gnomish Mines.
 You entered a shop.
 You entered Minetown.
 You entered a temple.
 You attained the rank of Conjurer.
 You attained the rank of Thaumaturge.
 You entered Sokoban.
 You attained the rank of Magician.

 The Dungeons of Doom: levels 1 to 10
    Level 1:
    Level 2:
       A tool shop, a fountain, a grave.
       Stairs down to The Gnomish Mines.
    Level 3:
       An armor shop, a fountain.
    Level 4:
       An altar to Thoth, some fountains.
    Level 5:
    Level 6:
       An armor shop, some fountains.
    Level 7: "ministash"
       A tool shop.
    Level 8:
       A fountain.
    Level 9:
       Many fountains.
    Level 10:
       Stairs up to Sokoban, level 9.
 The Gnomish Mines: levels 3 to 6
    Level 3:
    Level 4:
    Level 5:
       Many shops, a temple and an altar, some fountains.
    Level 6:
 Sokoban: levels 9 up to 6
    Level 6: <- You were here.
       Solved.
    Level 7:
       Solved.
    Level 8: "=/"
       Solved.
    Level 9: "//="
       Solved.


Vanquished creatures:
  2 ghosts
  a giant mimic
  a long worm
  a flesh golem
  2 large mimics
  a stalker
 an air elemental
  5 small mimics
  a glass piercer
  a warhorse
  a xan
  2 quantum mechanics
  3 trolls
  a gelatinous cube
  a large dog
  a freezing sphere
  a gargoyle
  a dwarf ruler
  a leocrotta
  a human mummy
  a red naga
  2 wraiths
 an ettin zombie
  a leather golem
  3 watchmen
  a chameleon
  a giant beetle
  2 quivering blobs
  2 cockatrices
  a lynx
 19 leprechauns
  2 iron piercers
  3 giant spiders
  a scorpion
  2 horses
  2 black lights
  a vampire bat
  a forest centaur
 an orc mummy
  4 owlbears
  a gold golem
  a werewolf
  a Green-elf
  a lizard
  a dingo
  a dog
  a jaguar
  a black unicorn
  2 ravens
  a plains centaur
  5 Woodland-elves
  3 soldier ants
  2 bugbears
 an imp
  3 quasits
  a wood nymph
  a water nymph
  2 rock piercers
  a rock mole
  a pony
  a fog cloud
  2 yellow lights
  5 shriekers
  a gnome leader
  a gnomish wizard
  2 kobold mummies
  3 gray oozes
  a barrow wight
  2 straw golems
  5 giant ants
  a little dog
  5 floating eyes
  2 kittens
  9 dwarves
  4 homunculi
  a kobold leader
  a kobold shaman
 14 hill orcs
  4 rothes
  2 rabid rats
  2 centipedes
  3 giant bats
  2 monkeys
  7 orc zombies
  6 dwarf zombies
  3 wererats
  4 werejackals
  9 iguanas
  5 acid blobs
  9 coyotes
  3 gas spores
 10 hobbits
  6 manes
  4 large kobolds
  7 hobgoblins
 13 giant rats
 15 cave spiders
  3 brown molds
  6 yellow molds
  a green mold
  a red mold
  9 gnomes
  2 garter snakes
  2 gnome zombies
 11 geckos
 11 jackals
  4 foxes
  5 kobolds
  7 goblins
  7 sewer rats
 22 grid bugs
  a bat
 17 lichens
  2 kobold zombies
 26 newts
422 creatures vanquished.

No species were genocided or became extinct.

Goodbye ExaDeuce the Wizard...

You quit in Sokoban on dungeon level 6 with 28447 points,
and 2673 pieces of gold, after 18675 moves.
You were level 10 with a maximum of 74 hit points when you quit.

